[Event "ICC tourney 2673 (25 5)"]
[Site "Internet Chess Club"]
[Date "2021.09.18"]
[Round "5"]
[White "VASHISHT, ANEESH:aneeshgm2013"]
[Black "AHN, WILLIAM TK:kitook"]
[Result "1-0"]
[ICCResult "Black resigns"]
[WhiteElo "531"]
[BlackElo "945"]
[Opening "Scotch game"]
[ECO "C45"]
[NIC "SO.05"]
[Time "17:00:14"]
[TimeControl "1500+5"]

1. e4 e5 2. Nf3 Nc6 3. d4 exd4 4. Nxd4 Bc5 5. Nxc6 bxc6 6. Bc4 d6 7. Qf3 Nf6
8. O-O O-O 9. Nc3 Be6 10. Bb3 Qd7 11. Qg3 g6 12. Bh6 Rfe8 13. Qg5 Qe7 14.
Rfe1 Rad8 15. e5 dxe5 16. Rxe5 Bxf2+ 17. Kxf2 Ng4+ 18. Kg3 Nxe5 19. Qxe5 Qd6
20. Qxd6 cxd6 21. h3 c5 22. Ne4 Kh8 23. Bg5 Rb8 24. Nxd6 Rf8 25. Be7 Rg8 26.
Bxe6 h5 27. Bxf7 Rg7 28. Bf6 Rb6 29. Bxg7+ Kxg7 30. Rd1 Rxb2 31. Bb3 g5 32.
Nc4 h4+ 33. Kg4 Rxb3 34. cxb3 Kg6 35. Ne5+ Kf6 36. Nd7+ Ke6 37. Nxc5+ Kf6
38. Ne4+ Kg6 39. Rd6+ Kf7 40. Kxg5 Ke7 41. Rf6 Kd7 42. Kxh4 a5 43. g4 Ke7
44. g5 Kd7 45. g6 Ke7 46. g7 Kd7 47. g8=Q Kc7 48. Qg7+ {Black resigns} 1-0

[Event "ICC tourney 2673 (25 5)"]
[Site "Internet Chess Club"]
[Date "2021.09.18"]
[Round "5"]
[White "QI, KEVIN:charmeleon16"]
[Black "Daga, Shreyansh:shreyanshdaga"]
[Result "0-1"]
[ICCResult "White checkmated"]
[WhiteElo "441"]
[BlackElo "550"]
[Opening "Ruy Lopez: Berlin defense, open variation"]
[ECO "C67"]
[NIC "RL.07"]
[Time "17:00:26"]
[TimeControl "1500+5"]

1. e4 e5 2. Nf3 Nc6 3. Bb5 Nf6 4. O-O Nxe4 5. Re1 Nf6 6. Nxe5 Nxe5 7. Rxe5+
Be7 8. Nc3 O-O 9. d3 c6 10. Bc4 d5 11. Bb3 Bd6 12. Re1 Bg4 13. Qd2 Nh5 14.
h3 Be6 15. a4 d4 16. Ne4 Bxb3 17. cxb3 Bf4 18. Qe2 Qh4 19. Bxf4 Nxf4 20. Qf3
Rfe8 21. g3 Qxh3 22. Qxf4 Re6 23. Nc5 Rh6 24. Qxh6 Qxh6 25. Re2 Qd6 26. Rae1
h6 27. Nxb7 Qb4 28. Re8+ Rxe8 29. Rxe8+ Kh7 30. Nd8 Qxb3 31. Re2 Qxa4 32.
Nxf7 Qd1+ 33. Re1 Qxe1+ 34. Kg2 Qd2 35. Kf3 Qxd3+ 36. Kf4 Qe2 37. Kf5 Qxf2+
38. Ke4 Qe3+ 39. Kf5 d3 40. Ne5 d2 41. Nc4 Qd3+ 42. Kf4 Qxc4+ 43. Ke3 Qc1
44. Kf4 d1=Q+ 45. Ke5 Qe3+ 46. Kf5 Qf1+ 47. Kg4 Qg5# {White checkmated} 0-1

[Event "ICC tourney 2673 (25 5)"]
[Site "Internet Chess Club"]
[Date "2021.09.18"]
[Round "5"]
[White "MENON, DHRUV:dmenon25"]
[Black "JEHIN, RISHIN:K01-30043660"]
[Result "0-1"]
[ICCResult "White checkmated"]
[WhiteElo "1202"]
[BlackElo "1205"]
[Opening "Giuoco Piano"]
[ECO "C50"]
[NIC "IG.02"]
[Time "17:00:16"]
[TimeControl "1500+5"]

1. e4 e5 2. Nf3 Nc6 3. Bc4 Bc5 4. O-O Nf6 5. Nc3 O-O 6. d3 d6 7. h3 Be6 8.
Bb3 Nd4 9. Nxd4 Bxd4 10. Nd5 Bxd5 11. exd5 Qd7 12. c3 Bb6 13. Ba4 Qe7 14.
Kh1 Nxd5 15. c4 Nf4 16. Bxf4 exf4 17. Qg4 Qf6 18. b3 Bd4 19. Rae1 Be5 20.
Re4 Qd8 21. d4 f5 22. Qe2 fxe4 23. dxe5 dxe5 24. Qxe4 Kh8 25. b4 Qd4 26. Qe2
e4 27. Bc2 f3 28. gxf3 exf3 29. Qe1 Qh4 30. Qe6 Rae8 31. Qg4 Qxg4 32. hxg4
Rf6 33. Kh2 Rh6+ 34. Kg3 Rf8 35. Be4 Ra6 36. Bxf3 Ra3 37. Re1 Raxf3+ 38. Kg2
Rxf2+ 39. Kg3 R8f3+ 40. Kh4 Rh2+ 41. Kg5 h6+ 42. Kg6 Rf6# {White checkmated}
0-1

[Event "ICC tourney 2673 (25 5)"]
[Site "Internet Chess Club"]
[Date "2021.09.18"]
[Round "5"]
[White "ZHANG, SARAH:K05-16865540"]
[Black "KANTEM, SAMANVI:samanvikantem"]
[Result "0-1"]
[ICCResult "White checkmated"]
[WhiteElo "1081"]
[BlackElo "929"]
[Opening "Giuoco Pianissimo"]
[ECO "C50"]
[NIC "IG.02"]
[Time "17:00:16"]
[TimeControl "1500+5"]

1. e4 e5 2. Nf3 Nc6 3. Bc4 Bc5 4. d3 h6 5. Nc3 Nf6 6. a3 a6 7. O-O O-O 8.
Be3 d6 9. h3 Bb6 10. Bxb6 cxb6 11. Nd5 b5 12. Bb3 Be6 13. Nxf6+ Qxf6 14. Rc1
Na5 15. Bxe6 fxe6 16. Re1 Nc6 17. c4 Rad8 18. cxb5 axb5 19. Qb3 Nd4 20. Nxd4
Qxf2+ 21. Kh1 exd4 22. Qxe6+ Kh8 23. Qb3 Qh4 24. Qxb5 Rf2 25. Rf1 Rd2 26.
Rcd1 Re2 27. Qb6 Qg5 28. Rg1 Rf8 29. Rde1 Ref2 30. Qxd4 Qg3 31. Qe3 R2f3 32.
Qb6 Rf2 33. Qe3 R8f3 34. Qxf3 Rxf3 35. d4 Qh4 36. Kh2 Rg3 37. Rgf1 Rb3 38.
Re2 Qg3+ 39. Kh1 Re3 40. Rff2 Rxe2 41. Rxe2 Qd3 42. Rf2 Qxd4 43. Re2 Qd1+
44. Re1 Qxe1+ 45. Kh2 Qxe4 46. Kg3 d5 47. Kf2 d4 48. g4 d3 49. b4 d2 50. b5
d1=Q 51. h4 Qef3# {White checkmated} 0-1

[Event "ICC tourney 2673 (25 5)"]
[Site "Internet Chess Club"]
[Date "2021.09.18"]
[Round "5"]
[White "RAM BHARADWAJ, SAMARTH:K01-30155483"]
[Black "Maddipati, Srijani:srijanim"]
[Result "1-0"]
[ICCResult "Black checkmated"]
[WhiteElo "1031"]
[BlackElo "865"]
[Opening "Vienna gambit"]
[ECO "C29"]
[NIC "VG.04"]
[Time "17:00:28"]
[TimeControl "1500+5"]

1. e4 e5 2. Nc3 Nf6 3. f4 Bc5 4. fxe5 Ng8 5. Nf3 Ne7 6. Bc4 O-O 7. d4 Bb4 8.
Bd2 Re8 9. Ng5 Rf8 10. Qh5 h6 11. Nxf7 Rxf7 12. Qxf7+ Kh8 13. Nd5 Nxd5 14.
Bxd5 Bxd2+ 15. Kxd2 Qg5+ 16. Kd3 Qd8 17. Rhf1 c6 18. Qf8+ Qxf8 19. Rxf8+ Kh7
20. Bg8+ Kg6 21. Rxc8 a6 22. Rf1 b6 23. Rff8 a5 24. Rxb8 Ra7 25. Rxb6 Kg5
26. Rf7 Ra8 27. Bh7 Rd8 28. Ra6 g6 29. Rxa5 Kh5 30. Rxd7 Rxd7 31. e6+ Kg4
32. exd7 g5 33. d8=Q c5 34. Qd7+ Kf4 35. g3+ Kf3 36. Qf5+ Kg2 37. Ke3 cxd4+
38. Ke2 d3+ 39. cxd3 Kxh2 40. Qg6 Kxg3 41. Rxg5+ Kf4 42. Qf5# {Black
checkmated} 1-0

[Event "ICC tourney 2673 (25 5)"]
[Site "Internet Chess Club"]
[Date "2021.09.18"]
[Round "5"]
[White "Goteti, Ishan:Aurex"]
[Black "NAVANEETH, ANUVRATAA:anudgr8cat"]
[Result "1-0"]
[ICCResult "Black checkmated"]
[WhiteElo "834"]
[BlackElo "536"]
[Opening "Four knights game"]
[ECO "C47"]
[NIC "KP.06"]
[Time "17:00:15"]
[TimeControl "1500+5"]

1. e4 e5 2. Nf3 Nc6 3. Nc3 Nf6 4. d3 Bc5 5. h3 h6 6. Be2 O-O 7. O-O d5 8.
exd5 Nxd5 9. Ne4 Bb6 10. c4 Nf6 11. Nxf6+ Qxf6 12. a3 Nd4 13. Nxd4 Bxd4 14.
Rb1 Qg6 15. Bh5 Qc6 16. Bf3 Qg6 17. Be4 Qd6 18. b4 c6 19. c5 Qf6 20. Be3 Bf5
21. Bxf5 Qxf5 22. Bxd4 exd4 23. Qa4 Qxd3 24. Rbd1 Qe4 25. Rfe1 Qd5 26. Re3
Qc4 27. Red3 Rfd8 28. Qa5 b6 29. cxb6 axb6 30. Qxb6 Rab8 31. Qa5 Ra8 32. Qc7
Rac8 33. Qe7 Qc2 34. Rxd4 Rxd4 35. Rxd4 Qc1+ 36. Kh2 Qxa3 37. Rd8+ Rxd8 38.
Qxd8+ Kh7 39. Qa5 Qb2 40. Qf5+ Kg8 41. Qc8+ Kh7 42. Qf5+ Kg8 43. Qc5 Qf6 44.
g3 g6 45. Qe3 h5 46. h4 Qb2 47. Qc5 Qf6 48. Kg2 Kg7 49. Qb6 Qd6 50. Qa5 Qd5+
51. Qxd5 cxd5 52. b5 d4 53. b6 d3 54. Kf1 Kf8 55. b7 d2 56. Ke2 f6 57. Kxd2
g5 58. b8=Q+ Kf7 59. hxg5 fxg5 60. Qe5 Kg6 61. Qe6+ Kg7 62. Qf5 Kh6 63. Qf6+
Kh7 64. Qxg5 Kh8 65. Ke3 Kh7 66. g4 h4 67. Qxh4+ Kg7 68. Kf4 Kf7 69. Qh6 Ke7
70. Qg6 Kd7 71. Ke5 Kc7 72. Kd5 Kb7 73. Kc5 Kc7 74. Qg7+ Kd8 75. Kd6 Ke8 76.
Qd7+ Kf8 77. Qe7+ Kg8 78. Ke6 Kh8 79. Kf6 Kg8 80. Qg7# {Black checkmated}
1-0

[Event "ICC tourney 2673 (25 5)"]
[Site "Internet Chess Club"]
[Date "2021.09.18"]
[Round "5"]
[White "ADDURI, MANSI:K03-17004388"]
[Black "POLAKALA, SRIKAR:srikarpolakala"]
[Result "1-0"]
[ICCResult "Black checkmated"]
[WhiteElo "963"]
[BlackElo "518"]
[Opening "Giuoco Pianissimo: Italian four knights variation"]
[ECO "C50"]
[NIC "IG.02"]
[Time "17:00:18"]
[TimeControl "1500+5"]

1. e4 e5 2. Nf3 Nc6 3. Bc4 Bc5 4. d3 Nf6 5. Nc3 O-O 6. O-O h6 7. Be3 Bb6 8.
h3 Nh7 9. Rb1 d6 10. a4 Be6 11. Nd5 f5 12. exf5 Bxf5 13. Nxb6+ Kh8 14. Nd5
e4 15. dxe4 Bxe4 16. Bd3 Bxd5 17. Bxh7 Bxf3 18. gxf3 Kxh7 19. Qd3+ Kh8 20.
Bd2 Qf6 21. Kg2 Nd4 22. f4 Ne6 23. Qf3 Nxf4+ 24. Bxf4 Qxf4 25. Qxb7 g5 26.
Qxc7 Qf3+ 27. Kh2 g4 28. Qc3+ Qxc3 29. bxc3 gxh3 30. Kxh3 Rf3+ 31. Kg2 Rxc3
32. Rfc1 Rg8+ 33. Kf1 h5 34. Rb5 h4 35. Rh5+ Kg7 36. Rxh4 Rf8 37. Rg4+ Kh6
38. Rd4 Rd8 39. Rd3 Rc4 40. Ra3 Rdc8 41. c3 d5 42. Ke2 d4 43. Kd2 dxc3+ 44.
Rcxc3 Rd8+ 45. Ke2 Re4+ 46. Re3 Rc4 47. Re7 Rc2+ 48. Kf1 Rf8 49. Re2 Rc1+
50. Kg2 Rg8+ 51. Rg3 Rd8 52. f4 Ra1 53. Re4 Rd2+ 54. Kf3 Rd3+ 55. Kg4 Rd7
56. f5 Rg7+ 57. Kf4 Rf1+ 58. Rf3 Rfg1 59. Rh3# {Black checkmated} 1-0

[Event "ICC tourney 2673 (25 5)"]
[Site "Internet Chess Club"]
[Date "2021.09.18"]
[Round "5"]
[White "MITTAPALLI, LAKSHMI ANISH REDDY REDDY:AnishMittapalli"]
[Black "JOSHI, AARAV:K05-30026655"]
[Result "0-1"]
[ICCResult "White checkmated"]
[WhiteElo "884"]
[BlackElo "1053"]
[Opening "Sicilian"]
[ECO "B50"]
[NIC "SI.01"]
[Time "17:00:17"]
[TimeControl "1500+5"]

1. e4 c5 2. Nf3 d6 3. Bc4 Nf6 4. Nc3 Nc6 5. d3 e6 6. O-O Be7 7. Re1 O-O 8.
Bg5 h6 9. Bh4 Na5 10. e5 dxe5 11. Nxe5 Qd4 12. Bxf6 Bxf6 13. Re4 Qd6 14. Nf3
b6 15. Re1 Bb7 16. a3 Qf4 17. Ne4 Nxc4 18. Nxf6+ Qxf6 19. dxc4 Rad8 20. Qe2
Qxb2 21. Reb1 Qf6 22. Rd1 Bxf3 23. Qxf3 Qxf3 24. gxf3 Kh7 25. Re1 Rd2 26.
Rac1 Rd4 27. Re4 Rfd8 28. c3 Rxe4 29. fxe4 f5 30. exf5 exf5 31. Re1 Rd3 32.
Rc1 Kg6 33. Kg2 Kh5 34. h3 Rd2 35. Ra1 Rc2 36. Rd1 Rxc3 37. a4 Rxc4 38. f3
Rxa4 39. Kg3 Rd4 40. Rc1 c4 41. Kf2 b5 42. Ke3 Rd3+ 43. Kf4 c3 44. Kg3 b4
45. Kf2 Rd2+ 46. Ke1 b3 47. Rxc3 b2 48. Rb3 Rh2 49. f4 Rh1+ 50. Kd2 b1=Q 51.
Rxb1 Rxb1 52. Ke3 a5 53. Kd3 a4 54. Kc3 a3 55. Kc2 a2 56. Kc3 a1=Q+ 57. Kc4
Qa4+ 58. Kc3 Rb3+ 59. Kd2 Qa2+ 60. Kd1 Rb1# {White checkmated} 0-1

[Event "ICC tourney 2673 (25 5)"]
[Site "Internet Chess Club"]
[Date "2021.09.18"]
[Round "5"]
[White "VADHER, DEVAJ MAYANK:DevajVadher"]
[Black "AMBATI, JASWANT REDDY:AJRChess2011"]
[Result "0-1"]
[ICCResult "White checkmated"]
[WhiteElo "1244"]
[BlackElo "1601"]
[Opening "French: advance variation"]
[ECO "B22"]
[NIC "SI.46"]
[Time "17:00:32"]
[TimeControl "1500+5"]

1. e4 c5 2. c3 e6 3. d4 d5 4. e5 cxd4 5. cxd4 Nc6 6. Nf3 Bd7 7. Nc3 Bb4 8.
Bf4 Nge7 9. Bd3 Nf5 10. Bxf5 exf5 11. O-O Bxc3 12. bxc3 O-O 13. Qb3 Bc8 14.
Bg5 Qd7 15. Rfe1 Na5 16. Qb4 Nc4 17. Re2 b6 18. Rae1 Ba6 19. e6 fxe6 20.
Rxe6 Rae8 21. Be7 h6 22. R6e2 Rf7 23. Nh4 Na3 24. Ng6 Bxe2 25. Rxe2 Nc4 26.
Kf1 Na5 27. Ne5 Qxe7 28. Qxe7 Rfxe7 29. f4 Nc4 30. g3 Nxe5 31. dxe5 Rc8 32.
Re3 Rec7 33. e6 Kf8 34. Ke2 Rxc3 35. Rxc3 Rxc3 36. Kd2 Rc8 37. Ke3 Ke7 38.
Kd4 Kxe6 39. h4 Rc4+ 40. Kd3 Ra4 41. h5 d4 42. Ke2 Kd5 43. Kd3 Ra3+ 44. Kd2
d3 45. Kd1 Kd4 46. Kd2 Rxa2+ 47. Kd1 Ke3 48. Ke1 Ra1# {White checkmated} 0-1

[Event "ICC tourney 2673 (25 5)"]
[Site "Internet Chess Club"]
[Date "2021.09.18"]
[Round "5"]
[White "YADATORE, NEEL:K09-30026420"]
[Black "Maddipati, Srihas:srihassm"]
[Result "1-0"]
[ICCResult "Black checkmated"]
[WhiteElo "729"]
[BlackElo "1019"]
[Opening "Giuoco Pianissimo: Italian four knights variation"]
[ECO "C55"]
[NIC "IG.01"]
[Time "17:01:04"]
[TimeControl "1500+5"]

1. e4 e5 2. Nf3 Nc6 3. Bc4 Nf6 4. Nc3 Bc5 5. d3 h6 6. Be3 Bb6 7. h3 O-O 8.
Nd5 Re8 9. c3 Nxd5 10. Bxd5 Ne7 11. Bb3 d6 12. O-O Ng6 13. Kh2 Nh4 14. Nxh4
Qxh4 15. Qf3 Be6 16. Rg1 g5 17. g4 Bxb3 18. axb3 Re6 19. Raf1 Kg7 20. Qg2
Rf6 21. d4 a5 22. f3 a4 23. Bf2 Qxf2 24. Qxf2 axb3 25. Ra1 Rh8 26. Kg3 h5
27. gxh5 Rxh5 28. Qd2 exd4 29. cxd4 Rfh6 30. Rh1 Rh4 31. Qxg5+ Kh7 32. Qxh4
Rxh4 33. Kxh4 Bxd4 34. Ra3 b6 35. Rxb3 c6 36. Rd3 c5 37. Kg4 Kg6 38. b4 f6
39. bxc5 dxc5 40. Rxd4 cxd4 41. Rd1 b5 42. Rxd4 Kh6 43. Rb4 Kg6 44. Rxb5 Kh6
45. Rf5 Kg6 46. f4 Kf7 47. h4 Kg6 48. e5 fxe5 49. fxe5 Kg7 50. e6 Kg6 51. e7
Kg7 52. e8=Q Kh7 53. Qf7+ Kh8 54. Rh5# {Black checkmated} 1-0

[Event "ICC tourney 2673 (25 5)"]
[Site "Internet Chess Club"]
[Date "2021.09.18"]
[Round "5"]
[White "Kore, Anvika Mattam:K03-30142328"]
[Black "VENUTURUMILLI, DHRUV :CaringTrouble"]
[Result "1-0"]
[ICCResult "Black checkmated"]
[WhiteElo "476"]
[BlackElo "708"]
[Opening "KP: Patzer opening"]
[ECO "C20"]
[NIC "KP.10"]
[Time "17:00:19"]
[TimeControl "1500+5"]

1. e4 e5 2. Qh5 Qf6 3. Bc4 Bc5 4. Nf3 g6 5. Qh3 Ne7 6. Qg3 d6 7. d3 Nbc6 8.
Bg5 Qg7 9. Bxe7 Nxe7 10. Nc3 c6 11. O-O-O b5 12. Bb3 Qh6+ 13. Kb1 f5 14.
exf5 Nxf5 15. Qh3 Qxh3 16. gxh3 Bxf2 17. Rdf1 Bc5 18. Ng5 Ne3 19. Re1 d5 20.
h4 Bf5 21. Kc1 O-O-O 22. Nf7 Ng2 23. Ref1 Ne3 24. Re1 Ng2 25. Rxe5 Rde8 26.
Rxe8+ Rxe8 27. d4 Re7 28. dxc5 Rxf7 29. Rg1 Bh3 30. a3 Ne3 31. Re1 Rf1 32.
Rxf1 Nxf1 33. Kd1 Nxh2 34. Ke1 Nf3+ 35. Kf2 Nxh4 36. Kg3 d4 37. Kxh4 dxc3
38. Kxh3 cxb2 39. Ba2 a5 40. Kg3 Kd7 41. Kf3 b4 42. axb4 axb4 43. Ke3 b3 44.
cxb3 Ke6 45. Kd2 h5 46. Ke2 Kd5 47. b4+ Ke5 48. Kd2 h4 49. Ke2 Kf4 50. Kf2
h3 51. Kg1 Kg3 52. Kh1 g5 53. b5 cxb5 54. c6 g4 55. c7 Kf2 56. c8=Q g3 57.
Qc2+ Kf3 58. Qc3+ Kg4 59. Qg7+ Kf3 60. Qc3+ Kg4 61. Qb4+ Kf3 62. Qc3+ Kg4
63. Qxb2 g2+ 64. Kh2 g1=B+ 65. Kxg1 b4 66. Qxb4+ Kg3 67. Qb3+ Kg4 68. Kh2
Kh4 69. Qxh3+ Kg5 70. Qa3 Kf4 71. Kg2 Ke4 72. Kf2 Kd4 73. Ke2 Ke4 74. Qa4+
Ke5 75. Ke3 Kf5 76. Qf4+ Kg6 77. Qe5 Kh7 78. Qd6 Kg7 79. Kf4 Kh7 80. Kg5 Kg7
81. Qc7+ Kh8 82. Bb1 Kg8 83. Kg6 Kf8 84. Qf7# {Black checkmated} 1-0